 Dungeon Crawl Stone Soup version 0.28.0-61-g67df4f89a8 (webtiles) character file.

Game seed: 7049429906312601649

135 mopl the Bolt Thrower (level 5, -2/45 HPs)
             Began as a Hill Orc Hunter on Feb 13, 2023.
             Slain by an adder (4 damage)
             ... in a sewer.
             The game lasted 00:03:10 (2207 turns).

mopl the Bolt Thrower (Hill Orc Hunter)             Turns: 2207, Time: 00:03:11

Health: -2/45      AC:  5    Str: 17    XL:     5   Next: 18%
Magic:  5/5        EV: 11    Int: 11    God:
Gold:   63         SH:  0    Dex: 11    Spells: 4/4 levels left

rFire   . . .      SeeInvis .   b - +2 halberd (freeze)
rCold   . . .      Faith    .   (shield currently unavailable)
rNeg    . . .      Spirit   .   m - +0 ring mail
rPois   .          Reflect  .   (no helmet)
rElec   .          Harm     .   (no cloak)
rCorr   .          Rampage  .   (no gloves)
Will    .....                   (no boots)
Stlth   +.........              (no amulet)
HPRegen 0.15/turn               (no ring)
MPRegen 0.09/turn               (no ring)

@: invisible
A: no striking features
a: no special abilities


You were in a sewer.
You visited 1 branch of the dungeon, and saw 3 of its levels.
You also visited: Sewer.

You collected 63 gold pieces.

Inventory:

Hand Weapons
 a - a +1 hand crossbow
 b - a +2 halberd of freezing (weapon)
 j - a +0 short sword
Missiles
 d - 19 bolts
 h - 8 poisoned darts (quivered)
Armour
 m - a +0 ring mail (worn)
Scrolls
 c - a scroll of vulnerability {unknown}
 e - a scroll of amnesia {unknown}
 f - 3 scrolls of brand weapon {unknown}
 g - a scroll of enchant weapon {unknown}
 i - 2 scrolls of fog {unknown}
 k - a scroll of noise {unknown}


   Skills:
 + Level 3.5 Fighting
 * Level 4.6 Crossbows
 + Level 2.0 Armour
 + Level 2.3 Dodging
 - Level 0.7 Stealth


You had 4 spell levels left.
You didn't know any spells.
Your spell library was empty.

Dungeon Overview and Level Annotations

Branches:
Dungeon (3/15)              Sewer (1/1)

Altars:
Xom


Message History

You feel sick. The adder bites you but does no damage. The adder bites you.
* * * LOW HITPOINT WARNING * * *
The adder bites you but does no damage. The river rat closely misses you.
You catch the helpless adder completely off-guard!
You slash the adder! You freeze the adder.
You kill the adder!
You feel sick. The adder closely misses you.
A frilled lizard comes into view.
The river rat bites you but does no damage.
The adder bites you.
* * * LOW HITPOINT WARNING * * *
You are more poisoned.
The adder poisons you!
You closely miss the rat.
* * * LOW HITPOINT WARNING * * *
You feel sick.
Unknown command.
You closely miss the river rat.
* * * LOW HITPOINT WARNING * * *
You feel sick. The rat barely misses you.
The river rat bites you but does no damage.
The rat bites you but does no damage.
Unknown command.
You miss the adder.
The adder is moderately wounded.
You feel sick.
The frilled lizard hisses angrily.
The adder barely misses you. The adder closely misses you.
You closely miss the adder.
The adder is moderately wounded.
* * * LOW HITPOINT WARNING * * *
You feel sick.
You are no longer poisoned.
The adder barely misses you. The rat bites you but does no damage.
The adder closely misses you.
You hit the adder. You freeze the adder.
The adder is severely wounded.
The frilled lizard hisses angrily.
The adder bites you.
You die...

≈≈≈≈#
#≈≈≈≈≈≈#
≈≈≈≈#
#≈≈≈≈≈≈#
≈≈≈≈#
#≈≈≈≈≈≈#
≈≈≈≈#
#≈≈≈≈≈≈#
≈≈≈≈#
#≈≈lr#≈#
#≈≈≈#
#≈≈r≈≈≈#
≈≈≈≈#
#≈≈rr≈≈#
≈≈≈≈#
#≈≈≈≈≈†#
≈#≈≈#
#≈≈≈≈r@#
≈≈.≈#
#≈≈≈≈S≈#
≈≈≈≈#
#≈≈≈≈≈≈#
≈†≈≈#
#≈≈≈≈≈≈#
≈≈≈≈#
#≈≈≈≈≈≈#
≈≈≈≈#
#≈≈≈≈≈≈#
≈≈≈≈#
#≈†≈≈≈≈#
...##
##..≈..#
...†##
##......#


You could see an adder, a river rat, a frilled lizard (wandering) and 4 rats.

Vanquished Creatures
  4 gnolls
  5 adders
  2 worms
  5 ball pythons
  3 endoplasms (D:2)
  2 giant cockroaches (D:2)
  3 hobgoblins
  5 kobolds
  3 quokkas
  A bat (D:2)
  3 frilled lizards
  2 goblins
  15 rats
53 creatures vanquished.

Vanquished Creatures (others)
  4 plants (D:2)
4 creatures vanquished.

Grand Total: 57 creatures vanquished

Notes
Turn   | Place    | Note
-------+----------+-------------------------------------------
     0 | D:1      | mopl the Hill Orc Hunter began the quest for the Orb.
     0 | D:1      | Reached XP level 1. HP: 18/18 MP: 1/1
   204 | D:1      | Reached XP level 2. HP: 25/25 MP: 2/2
   408 | D:1      | Noticed a great orb of eyes
   436 | D:1      | Found a faded altar of an unknown god.
   436 | D:1      | Noticed an eye of devastation
   439 | D:1      | Noticed a floating eye
   439 | D:1      | Noticed a floating eye
   555 | D:1      | Reached skill level 1 in Armour
   778 | D:2      | Reached XP level 3. HP: 27/30 MP: 3/3
   791 | D:2      | Reached skill level 4 in Crossbows
   793 | D:2      | Reached skill level 3 in Fighting
   793 | D:2      | Reached skill level 2 in Dodging
   992 | D:2      | Reached XP level 4. HP: 38/38 MP: 4/4
  1151 | D:2      | Found a shimmering altar of Xom.
  1881 | D:3      | Found a glowing drain.
  1903 | Sewer    | Entered a sewer
  2094 | Sewer    | Reached XP level 5. HP: 34/45 MP: 5/5
  2197 | Sewer    | Reached skill level 2 in Armour
  2206 | Sewer    | HP: 2/45 [poisoned by an adder]
  2207 | Sewer    | Slain by an adder

Illustrated notes

Levels and vault maps discovered:
D:1:      tarquinn_simple_flora_water_d, layout_basic,
          hellmonk_ecumenical_altar_watching_god
D:2:      layout_basic, basic_altar, hangedman_decor_peaks_small,
          kennysheep_cross_room, serial_bayou_pond_a
D:3:      layout_basic, nicolae_overflow_crystal_walls, gup_sewer_entry_bubbles,
          minmay_misc_feat_rows
Sewer:    sewer_minmay_w

Skill      XL: |  1  2  3  4  5 |
---------------+----------------+-----
Armour         | 1 2 |  2.0
Crossbows      | 4 |  4.6
Fighting       | 3 |  3.5
Dodging        | 2 |  2.3
Stealth        | |  0.7

Action                   |  1- 3 |  4- 6 || total
-------------------------+-------+-------++-------
Melee: Short sword       |    61 |       ||    61
       Halberd           |       |   132 ||   132
 Fire: Hand crossbow     |    16 |       ||    16
  Use: Potion            |       |     1 ||     1
 Stab: Sleeping          |     1 |       ||     1
       Invisible         |       |     1 ||     1
Armor: Leather armour    |    18 |       ||    18
       Ring mail         |       |    62 ||    62
Dodge: Dodged            |    37 |    97 ||   134
